 Dungeon Crawl Stone Soup version 0.23.0 (webtiles) character file.

Game seed: 13116022063631632450

69 Gadfly the Sneak (level 4, 21/30 HPs)
             Began as an Octopode Assassin on Feb 13, 2019.
             Was a Follower of Yredelemnul.
             Quit the game on level 2 of the Dungeon.
             The game lasted 00:02:10 (1547 turns).

Gadfly the Sneak (Octopode Assassin)                Turns: 1547, Time: 00:02:10

Health: 21/30      AC:  1    Str: 10    XL:     4   Next: 20%
Magic:  4/4        EV: 13    Int: 13    God:    Yredelemnul [*.....]
Gold:   57         SH:  0    Dex: 14    Spells: 3/3 levels left

rFire    . . .     SeeInvis .   a - +2 dagger
rCold    . . .     Gourm    .   (no shield)
rNeg     . . .     Faith    .   (helmet restricted)
rPois    .         Spirit   .   (no amulet)
rElec    .         Reflect  .   (no ring)
rCorr    .         Harm     .   (no ring)
MR       .....                  (no ring)
Stlth    ++++......             (no ring)
HPRegen  0.10/turn              (no ring)
MPRegen  0.09/turn              (no ring)
                                (no ring)
                                (no ring)

@: lightly drained
A: almost no armour, stealthy swim, amphibious, 8 rings, constrict 8, camouflage
1, gelatinous body 1
a: Animate Remains, Renounce Religion


You were on level 2 of the Dungeon.
You worshipped Yredelemnul.
Yredelemnul was aware of your devotion.
You were not hungry.

You visited 1 branch of the dungeon, and saw 2 of its levels.

You collected 57 gold pieces.

Inventory:

Hand Weapons
 a - a +2 dagger (weapon)
 b - a +0 blowgun
Missiles
 c - 8 poisoned needles
 d - 2 curare-tipped needles
Scrolls
 g - a scroll of enchant weapon {unknown}
 h - a scroll of teleportation {unknown}
 j - a scroll of immolation {unknown}
 k - a scroll of identify {unknown}
 p - a scroll of remove curse {unknown}
Potions
 e - a potion of haste {unknown}
 i - a potion of cancellation {unknown}
 m - a potion of lignification {unknown}
 n - 2 potions of curing {unknown}
 o - a potion of heal wounds {unknown}
Comestibles
 f - 3 rations
 l - 5 chunks of flesh


   Skills:
 + Level 2.4(2.3) Fighting
 + Level 2.5(2.4) Short Blades
 + Level 2.4(2.3) Throwing
 + Level 1.8(1.7) Dodging
 * Level 6.2(6.1) Stealth


You had 3 spell levels left.
You didn't know any spells.
Your spell library was empty.

Dungeon Overview and Level Annotations

Branches:
Dungeon (2/15)

Altars:
Fedhas
Yredelemnul


Innate Abilities, Weirdness & Mutations

You cannot wear most types of armour.
You are very stealthy in the water. (Stealth+)
You are amphibious.
You can wear up to eight rings at the same time.
You can use your tentacles to constrict eight enemies at once.
Your skin changes colour to match your surroundings (Stealth+).
Your rubbery body absorbs attacks. (AC +1, EV +1)


Message History

No target in view!
No target in view!
No target in view!
No target in view!
No target in view!
No target in view!
No target in view!
No target in view!
No target in view!
No target in view!
No target in view!
You see here a worm corpse.
You butcher the worm corpse.
l - 5 chunks of flesh (gained 2)
There is a faded altar of an unknown god here.
You cannot tell which god this altar belongs to.
Convert to them anyway?
Yredelemnul accepts your prayer! Yredelemnul welcomes you!
You can now animate remains.
Are you sure you want to abandon this character and quit the game? (Confirm with "yes".)

#### ## #.. .# #####
#.# ###.### #
...###.##....... #
#####.##........# #
#......)........# #
#.###.##....♣...#
##.####
#.###.###.##...♣@♣ #
.......
#.........##....♣...#
.##.#
#####.######........#
# ##.## #.###......
#...# #.. ....###
##..# ### ...## ##.##
... #..## ...
##...#### ###


There were no monsters in sight!

Vanquished Creatures
  A shadow imp (D:2)
  An ooze (D:1)
  2 worms (D:2)
  2 leopard geckos (D:2)
  A giant cockroach (D:1)
  8 goblins
  4 hobgoblins
  6 jackals (D:1)
  A quokka (D:2)
  6 bats
  6 frilled lizards
  5 kobolds
  6 rats (D:1)
  A spectral orc (D:2)
50 creatures vanquished.

Notes
Turn   | Place    | Note
-------+----------+-------------------------------------------
     0 | D:1      | Gadfly the Octopode Assassin began the quest for the Orb.
     0 | D:1      | Reached XP level 1. HP: 14/14 MP: 1/1
    47 | D:1      | Reached XP level 2. HP: 14/19 MP: 2/2
   499 | D:1      | Reached XP level 3. HP: 22/24 MP: 3/3
   920 | D:2      | Found a blossoming altar of Fedhas.
  1130 | D:2      | Reached skill level 6 in Stealth
  1236 | D:2      | Found a basalt altar of Yredelemnul.
  1516 | D:2      | Found a faded altar of an unknown god.
  1529 | D:2      | Reached XP level 4. HP: 26/30 MP: 4/4
  1546 | D:2      | Became a worshipper of Yredelemnul the Dark
  1546 | D:2      | Reached * piety under Yredelemnul
  1547 | D:2      | Quit the game

Skill      XL: |  1  2  3 |
---------------+----------+-----
Stealth        | 6 |  6.2
Fighting       | |  2.4
Short Blades   | |  2.5
Throwing       | |  2.4
Dodging        | |  1.8

Action                   |  1- 3 |  4- 6 || total
-------------------------+-------+-------++-------
Melee: Dagger            |    79 |     8 ||    87
       Tentacles         |    11 |     2 ||    13
       Constrict         |    16 |     2 ||    18
 Stab: Sleeping          |    18 |       ||    18
       Distracted        |     1 |       ||     1
  Eat: Chunk             |     2 |       ||     2
Armor: Skin              |     8 |       ||     8
Dodge: Dodged            |    28 |     2 ||    30
